 Dungeon Crawl Stone Soup version 0.30-a0-1116-gebefce21f7 (webtiles) character file.

Game seed: 7118526308554011798

506 Barriton the Insei (level 6, -7/50 HPs)
             Began as a Draconian Transmuter on Apr 21, 2023.
             Mangled by a gnoll
             ... wielding a +0 flail
              (11 damage)
             ... on level 4 of the Dungeon.
             The game lasted 00:05:38 (3423 turns).

Barriton the Insei (Draconian Transmuter)           Turns: 3423, Time: 00:05:38

Health: -7/50      AC:  6    Str: 13    XL:     6   Next: 97%
Magic:  8/11       EV: 12    Int: 13    God:
Gold:   177        SH:  0    Dex: 13    Spells: 10/12 levels left

rFire   . . .      SeeInvis +    g - +0 falchion
rCold   . . .      Faith    .    (no shield)
rNeg    . . .      Spirit   .    (body armour unavailable)
rPois   .          Reflect  .    (helmet currently unavailable)
rElec   .          Rampage  .    (no cloak)
rCorr   .                        (no gloves)
Will    .....                    (boots currently unavailable)
Stlth   ++                       (no amulet)
HPRegen 0.28/turn                j - ring of see invisible
MPRegen 0.12/turn                (no ring)

@: appendages
A: horns 2, talons 2, AC +6, unfitting armour, cold-blooded
a: End Transformation


You were on level 4 of the Dungeon.
You had temporarily grown beastly horns and talons.
You visited 1 branch of the dungeon, and saw 4 of its levels.

You collected 177 gold pieces.

Inventory:

Hand Weapons
 c - a +0 dagger of venom
 g - a +0 falchion (weapon)
Jewellery
 j - a ring of see invisible (left hand)
Wands
 e - a wand of paralysis (10)
Scrolls
 b - 2 scrolls of identify
 d - a scroll of summoning
 h - a scroll of vulnerability
 k - a scroll of brand weapon {unknown}
Potions
 a - a potion of lignification
 f - a potion of flight
 i - a potion of curing


   Skills:
 + Level 2.5 Fighting
 + Level 0.2(1.4) Short Blades
 + Level 2.3 Long Blades
 + Level 2.8 Dodging
 + Level 1.0 Stealth
 + Level 3.9 Unarmed Combat
 + Level 3.8 Spellcasting
 + Level 1.5 Necromancy
 + Level 3.5 Transmutations


You had 10 spell levels left.
You knew the following spells:

 Your Spells              Type           Power      Damage    Failure   Level
a - Beastly Appendage     Tmut           22%        N/A       4%          1
b - Necrotise             Necr           24%        1d5       12%         1

Your spell library contained the following spells:

 Spells                   Type           Power      Damage    Failure   Level
 Wereblood                Tmut           11%        N/A       8%          2
 Apportation              Tloc           4%         N/A       22%         1
 Freeze                   Ice            8%         1d3       22%         1
 Spider Form              Tmut/Pois      7%         N/A       30%         3
 Blink                    Tloc           4%         N/A       32%         2
 Lesser Beckoning         Tloc           4%         N/A       32%         2
 Momentum Strike          Conj/Tloc      4%         3d8       32%         2
 Vampiric Draining        Necr           6%         2d6       34%         3
 Frozen Ramparts          Ice            4%         1d1       54%         3
 Hailstorm                Conj/Ice       2%         3d3       54%         3
 Tukima's Dance           Hex            2%         N/A       54%         3
 Ice Form                 Ice/Tmut       7%         N/A       71%         4
 Passage of Golubria      Tloc           2%         N/A       91%         4
 Alistair's Intoxication  Tmut/Pois      4%         N/A       96%         5
 Yara's Violent Unravell  Hex/Tmut       3%         3d4       96%         5
 Agony                    Necr           6%         N/A       97%         5


Dungeon Overview and Level Annotations

Branches:
Dungeon (4/15)
 Temple: D:4-7

Altars:
Okawaru


Innate Abilities, Weirdness & Mutations

You have temporarily grown beastly horns and talons.
Your plain brown scales are hard. (AC +6)
You cannot fit into any form of body armour.
You are cold-blooded and may be slowed by cold attacks.


Message History

Confirm with . or Enter, or press ? or * to list all spells.
Aiming: Necrotise (safe; 12% risk of failure)
Press: ? - help, Shift-Dir - straight line, f/p - gnoll
Aim: a gnoll, wielding a +0 whip of distortion (heavily wounded, chance to affect: 62%)
The gnoll resists with significant effort.
You hit the gnoll.
The gnoll is moderately wounded.
Your transformation is almost over.
You hit the gnoll.
You headbutt the gnoll, but do no damage.
The gnoll is severely wounded.
The gnoll hits you with a +0 whip of distortion.
Space warps around you. The gnoll hits you with a +0 flail. x2
The gnoll hits you but does no damage.
The gnoll hits you with a +0 whip of distortion.
Space warps horribly around you!
Okay, then.
Casting: Necrotise (safe; 12% risk of failure)
Confirm with . or Enter, or press ? or * to list all spells.
You extend your transformation's duration.
The gnoll misses you. The gnoll closely misses you.
The gnoll hits you with a +0 flail.
* * * LOW HITPOINT WARNING * * *
Unknown command.
You are too injured to fight recklessly!
You are too injured to fight recklessly!
You are too injured to fight recklessly!
You slash the gnoll!
You kill the gnoll!
The gnoll barely misses you. x2
The gnoll hits you with a +0 whip!
* * * LOW HITPOINT WARNING * * *
The gnoll hits you with a +0 flail.
* * * LOW HITPOINT WARNING * * *
Things that are here:
a +0 whip of distortion; a gnoll corpse The gnoll attacks as you move away!
The gnoll hits you but does no damage. The gnoll attacks as you move away!
The gnoll closely misses you. The gnoll attacks as you move away!
The gnoll hits you with a +0 flail!
You die...

###########
#.(.......#
#.).......#
########.........#
.................#
########.....g...#
#..........g@...#
......#.#####...#
......#.### ##..#
..... #...## #...#
..[.. ###..# ##.#
.... ##.###### .#
#... #......# .#
#######
#......##.#
#...รท<)
#......##.#
#......


You could see 2 gnolls.

Vanquished Creatures
  2 ogres (D:3)
  A scorpion (D:4)
  2 hounds
  2 iguanas (D:4)
  A gnoll (D:4)
  8 adders
  A worm (D:4)
  2 dart slugs
  11 ball pythons
  10 bats
  3 endoplasms
  5 giant cockroaches
  10 goblins
  6 hobgoblins
  6 jackals
  6 kobolds
  4 quokkas
  3 frilled lizards
  4 rats
87 creatures vanquished.

Notes
Turn   | Place    | Note
-------+----------+-------------------------------------------
     0 | D:1      | Barriton the Draconian Transmuter began the quest for the
                  | Orb.
     0 | D:1      | Reached XP level 1. HP: 16/16 MP: 3/3
   194 | D:1      | Reached XP level 2. HP: 20/23 MP: 3/5
   580 | D:1      | Reached XP level 3. HP: 28/28 MP: 3/6
  1053 | D:2      | Learned a level 1 spell: Necrotise
  1550 | D:2      | Reached XP level 4. HP: 35/35 MP: 5/7
  1862 | D:3      | Found an iron altar of Okawaru.
  2113 | D:3      | Noticed an ogre
  2120 | D:3      | Killed an ogre
  2121 | D:3      | Reached XP level 5. HP: 41/41 MP: 5/9
  2214 | D:3      | Reached skill level 1 in Long Blades
  2595 | D:3      | Noticed an ogre
  2604 | D:3      | Killed an ogre
  2605 | D:3      | Reached skill level 1 in Stealth
  2605 | D:3      | Reached skill level 1 in Necromancy
  2605 | D:3      | Reached XP level 6. HP: 17/48 MP: 6/11
  3034 | D:4      | HP: 2/48 [iguana (7)]
  3423 | D:4      | Mangled by a gnoll

Illustrated notes

Levels and vault maps discovered:
D:1:      dpeg_arrival_more_subterranean_lakeside_camping, layout_rooms
D:2:      layout_loops_ring
D:3:      layout_basic, okawaru_ov_weapons_minmay
D:4:      layout_rooms, hangedman_decor_slide_cut

Skill      XL: |  1  2  3  4  5  6 |
---------------+-------------------+-----
Dodging        | 2 |  2.8
Long Blades    | 1 2 |  2.3
Spellcasting   | 3 |  3.8
Transmutations | 3 |  3.5
Fighting       | 2 |  2.5
Stealth        | 1 |  1.0
Necromancy     | 1 |  1.5
Short Blades   | |  0.2
Unarmed Combat | |  3.9

Action                     |  1- 3 |  4- 6 || total
---------------------------+-------+-------++-------
  Melee: Unarmed           |    34 |       ||    34
         Headbutt          |    13 |    16 ||    29
         Kick              |     7 |    25 ||    32
         Dagger            |    54 |       ||    54
         Tailslap          |     6 |     7 ||    13
         Falchion          |    40 |   116 ||   156
         Punch             |       |     2 ||     2
   Cast: Beastly Appendage |    32 |    40 ||    72
         Necrotise         |     2 |    20 ||    22
    Use: Scroll            |     2 |     6 ||     8
         Potion            |       |     1 ||     1
   Stab: Sleeping          |     1 |     1 ||     2
 Armour: Skin              |    53 |    73 ||   126
  Dodge: Dodged            |    82 |   123 ||   205

Table legend: (Time is in decaauts)
 A = Elapsed time spent in this place.
 B = Non-inter-level travel time spent in this place.
 C = Inter-level travel time spent in this place.
 D = Time resting spent in this place.
 E = Time spent auto-exploring this place.
 F = Levels seen in this place.
 G = Mean time per level.
                   A        B        C        D        E       F      G
               +--------+--------+--------+--------+--------+-----+--------+
         Total |   3458 |   3373 |     85 |      0 |   2694 |   4 |  864.5 |
       Dungeon |   3458 |   3373 |     85 |      0 |   2694 |   4 |  864.5 |
               +--------+--------+--------+--------+--------+-----+--------+

Top non-repeatable levels by time:
     D:3: 1408 daAuts
     D:2: 1014 daAuts
     D:1: 723 daAuts
     D:4: 312 daAuts
